 Dungeon Crawl Stone Soup version 0.14-a0-1811-gdc2d5af (webtiles) character file.

1990 Mitsuki the Insei (level 8, -1/62 HPs)
             Began as a Demonspawn Transmuter on Jan 8, 2014.
             Was a Believer of Cheibriados.
             Slain by an orc priest
             ... wielding the +9,+4 spear of Pnagi {flame, Stlth+}
              (3 damage)
             ... on Level 6 of the Dungeon.
             The game lasted 00:42:48 (7959 turns).

Mitsuki the Insei (Demonspawn Transmuter)           Turns: 7959, Time: 00:42:48

HP  -1/62        AC  2     Str 15      XL: 8   Next: 54%
MP  10/13        EV 25     Int 30      God: Cheibriados [**....]
Gold 469         SH  0     Dex 28      Spells:  2 memorised,  7 levels left

rFire  . . .     SeeInvis .       - Unarmed
rCold  . . .     Clarity  .     k - melded +0 elf robe (curse)
rNeg   . . .     Conserve .     (shield currently unavailable)
rPois  x         rCorr    .     (helmet currently unavailable)
rElec  .         rRot     .     (cloak currently unavailable)
SustAb . .       Spirit   .     (gloves currently unavailable)
rMut   .         Warding  .     (boots currently unavailable)
Saprov . . .     Stasis   .     (no amulet)
                                (no ring)
                                (no ring)

@: spider-form, brilliant, agile, very slow, slightly resistant to hostile
enchantments, quite stealthy
A: (claws 0), clever 1, (cold resistance 0), conserve potions, demonic guardian
1, (fire resistance 0), screaming 2
a: End Transformation, Bend Time, Renounce Religion


You were on level 6 of the Dungeon.
You worshipped Cheibriados.
Cheibriados was pleased with you.
You were not hungry.
You were in spider-form.
You visited 2 branches of the dungeon, and saw 7 of its levels.
You also visited: Ossuary.

You collected 469 gold pieces.

Inventory:

Missiles
 b - 12 arrows
Armour
 k - a cursed +0 elven robe (melded)
Comestibles
 a - 4 bread rations
 i - 3 meat rations
Scrolls
 c - 2 scrolls of fog {unknown}
 e - 4 scrolls of curse jewellery {unknown}
 f - a scroll of curse weapon {unknown}
 h - a scroll of recharging {unknown}
 l - 7 scrolls of remove curse {unknown}
 m - 12 scrolls of identify {unknown}
 n - 3 scrolls of enchant weapon I {unknown}
 o - 3 scrolls of enchant armour {unknown}
 p - 3 scrolls of random uselessness {unknown}
 q - a scroll of fear {unknown}
 r - a scroll of curse armour {unknown}
 u - a scroll of noise {unknown}
 v - 3 scrolls of teleportation {unknown}
 y - a scroll of amnesia {unknown}
Potions
 g - a potion of resistance
 s - a potion of agility
 w - 5 potions of restore abilities
 z - 7 potions of curing
Books
 d - a book of Changes

   Spells                             Type                      Level
   *Beastly Appendage                 Transmutation                1
   Sticks to Snakes                   Transmutation                2
   *Spider Form                       Transmutation/Poison         3
   Ice Form                           Ice/Transmutation            4
   Blade Hands                        Transmutation                5


   Skills:
 + Level 5.1 Fighting
 - Level 1.7 Dodging
 + Level 7.3 Unarmed Combat
 - Level 2.0 Spellcasting
 + Level 5.0 Transmutations
 - Level 1.5 Poison Magic
 + Level 1.5 Invocations


You had 7 spell levels left.
You knew the following spells:

 Your Spells              Type           Power        Failure   Level  Hunger
a - Beastly Appendage     Trmt           ######       1%          1    None
b - Spider Form           Trmt/Pois      #####.....   3%          3    ###....


Dungeon Overview and Level Annotations

Branches:
Dungeon (6/16)             Temple (1/1) D:4

Altars:
Ashenzari
Cheibriados
Elyvilon
Fedhas
Kikubaaqudgha
Makhleb
Nemelex Xobeh
Okawaru
Sif Muna
Trog
Vehumet
Xom
Yredelemnul
Zin
the Shining One

Annotations:
D:4 Prince Ribbit


Innate Abilities, Weirdness & Mutations

((You have very sharp fingernails.))*
((Your flesh is cold resistant.))*
You are very good at protecting items from cold.
A weak demonic guardian rushes to your aid.
Your mind is acute. (Int +2)
((Your flesh is heat resistant.))*
You sometimes yell uncontrollably.


Message History

The orc warrior is poisoned.
The orc warrior is almost dead.
The orc warrior hits you with an orcish hand axe!
* * * LOW HITPOINT WARNING * * *
You hit the orc warrior but do no damage.
The orc warrior looks even sicker.
The orc warrior is almost dead.
The orc priest completely misses you. The orc warrior misses you.
Unknown command.
You hit the orc warrior.
You kill the orc warrior!
Cheibriados appreciates the change of pace.
The orc priest hits you from afar with a dazzling spear {flame}!
* * * LOW HITPOINT WARNING * * *
The orc priest burns you.
* * * LOW HITPOINT WARNING * * *
The adder zombie bites you.
* * * LOW HITPOINT WARNING * * *
The orc priest hits you with a dazzling spear {flame}.
You die...

#.# #.##########.##..
#.# #.# #######o##.#
#.# #.####(((..o....#
#.# #<#..((.........#
#.# #.#.##(..........
##.####.#.##o...##..#.#
#.......#...o...##..#.#
#.......#.......##....#
#.....sz#...o...##....#
#.....[o%.......##....#
#...............##....#
#######................
#...#####.##....# #...#
.##....# #...# ##...##
#...# #.... .####
......


You could see an orc priest and an adder zombie.

Vanquished Creatures
  An orc warrior (D:6)
  A sky beast (D:5)
  A phantom (D:4)
  An ice beast (D:5)
  2 centaurs
  An ogre (D:5)
  Duvessa (D:5)
  A giant frog (D:6)
  Dowan (D:5)
  3 crimson imps
  2 orc wizards
  5 orc priests
  2 scorpions
  A worker ant (D:4)
  An iguana (D:4)
  Ijyb (D:3)
  10 mummies (Ossuary)
  A gnoll (D:3)
  9 adders
  A giant mite (D:4)
  An inept item mimic (D:3)
  3 worms
  An adder skeleton (D:4)
  2 giant eyeballs
  2 giant geckos (D:1)
  18 orcs
  7 bats
  A bat skeleton (D:4)
  4 giant cockroaches
  18 goblins
  11 hobgoblins
  5 jackals
  16 kobolds
  A quokka (D:5)
  A ball python (D:3)
  A giant gecko zombie (D:6)
  4 giant newts
  4 gnoll zombies (Ossuary)
  2 hobgoblin skeletons (D:4)
  2 hobgoblin zombies (Ossuary)
  A kobold zombie (Ossuary)
  An orc zombie (Ossuary)
  A quokka zombie (D:5)
  9 rats
  A rat skeleton (D:4)
163 creatures vanquished.

Vanquished Creatures (collateral kills)
  An ogre (D:5)
  4 orcs (D:5)
5 creatures vanquished.

Vanquished Creatures (others)
  3 crimson imps
  4 iron imps
  3 lemures (D:5)
  6 white imps
  3 ufetubi
19 creatures vanquished.

Grand Total: 187 creatures vanquished

Notes
Turn   | Place    | Note
--------------------------------------------------------------
     0 | D:1      | Mitsuki, the Demonspawn Transmuter, began the quest for the Orb.
     0 | D:1      | Reached XP level 1. HP: 15/15 MP: 3/3
   174 | D:1      | Gained mutation: Your flesh is cold resistant. [demonic ancestry]
   174 | D:1      | Reached XP level 2. HP: 18/21 MP: 1/4
   637 | D:1      | Reached skill level 3 in Transmutations
   724 | D:1      | Gained mutation: You have sharp fingernails. [demonic ancestry]
   724 | D:1      | Reached XP level 3. HP: 26/26 MP: 6/6
   900 | D:2      | Learned a level 3 spell: Spider Form
  1590 | D:3      | Reached skill level 4 in Transmutations
  1590 | D:3      | Reached XP level 4. HP: 24/32 MP: 4/7
  2315 | D:3      | Found an iron altar of Okawaru.
  2533 | D:3      | Reached skill level 1 in Poison Magic
  2533 | D:3      | Gained mutation: A weak demonic guardian rushes to your aid. [demonic ancestry]
  2533 | D:3      | Reached XP level 5. HP: 24/37 MP: 5/9
  2784 | D:3      | Noticed Ijyb
  2809 | D:3      | Killed Ijyb
  3326 | D:4      | Reached skill level 5 in Transmutations
  3352 | D:4      | Noticed a phantom
  3384 | D:4      | Killed a phantom
  3384 | D:4      | Gained mutation: You have very sharp fingernails. [demonic ancestry]
  3384 | D:4      | Reached XP level 6. HP: 29/43 MP: 3/10
  4124 | D:4      | Noticed Prince Ribbit
  4506 | D:4      | Found a staircase to the Ecumenical Temple.
  4512 | Temple   | Entered the Ecumenical Temple
  4664 | Temple   | Became a worshipper of Cheibriados the Contemplative
  4757 | D:5      | Entered Level 5 of the Dungeon
  5020 | D:5      | Reached XP level 7. HP: 34/51 MP: 12/12
  5120 | D:5      | Reached skill level 5 in Unarmed Combat
  5694 | D:5      | Noticed Duvessa
  5694 | D:5      | Noticed Dowan
  5722 | D:5      | Killed Duvessa
  5733 | D:5      | Killed Dowan
  5891 | D:5      | Reached skill level 6 in Unarmed Combat
  6164 | D:5      | Gained mutation: You are very good at protecting items from cold. [demonic ancestry]
  6164 | D:5      | Reached XP level 8. HP: 34/61 MP: 10/13
  6735 | D:6      | Found a sparkling altar of Nemelex Xobeh.
  6965 | D:6      | Found a sand-covered staircase.
  6975 | D:6      | Reached skill level 1 in Invocations
  6987 | Ossuary  | Entered an ossuary
  7422 | Ossuary  | Reached skill level 7 in Unarmed Combat
  7436 | Ossuary  | Reached skill level 5 in Fighting
  7566 | Ossuary  | Gained mutation: Your vision is a little blurry. [potion of mutation]
  7566 | Ossuary  | Gained mutation: Your mind is acute. (Int +2) [potion of mutation]
  7566 | Ossuary  | Gained mutation: You are weak. (Str -2) [potion of mutation]
  7567 | Ossuary  | Gained mutation: You occasionally shout uncontrollably. [potion of mutation]
  7567 | Ossuary  | Gained mutation: Your flesh is heat resistant. [potion of mutation]
  7568 | Ossuary  | Gained mutation: You sometimes yell uncontrollably. [potion of mutation]
  7568 | Ossuary  | Lost mutation: Your vision is a little blurry. [potion of mutation]
  7568 | Ossuary  | Lost mutation: You are weak. (Str -2) [potion of mutation]
  7959 | D:6      | HP: 2/62 [adder zombie (4)]
  7959 | D:6      | Identified the +9,+4 spear of Pnagi {flame, Stlth+}
  7959 | D:6      | Slain by an orc priest

Action                   |  1- 3 |  4- 6 |  7- 9 || total
-------------------------+-------+-------+-------++-------
Melee: Unarmed           |   159 |   225 |   245 ||   629
 Cast: Beastly Appendage |    21 |     1 |       ||    22
       Spider Form       |     5 |    25 |    19 ||    49
 Abil: End Transformatio |       |     1 |       ||     1
  Use: Potion            |     1 |     9 |    14 ||    24
 Stab: Sleeping          |     1 |       |     1 ||     2
       Distracted        |       |     1 |       ||     1
